PAAA
BLOOMINGTON LONGNECKS @ SYRACUSE STARKS
08/11/2042
 
TOP OF THE 1ST
Bloomington Longnecks batting - Pitching for Syracuse Starks : RHP Greg O'Day
Pitching: RHP Greg O'Day
Batting: RHB Nelson Jaramillo 0-0: Foul Ball, location: 2F
0-1: Foul Ball, location: 2F
0-2: Ground out 5-3 (Groundball, 5S, EV 63.1 MPH)
Batting: LHB Leonid Machehin 0-0: Ball
1-0: Foul Ball, location: 2F
1-1: Foul Ball, location: 2F
1-2: Foul Ball, location: 2F
1-2: SINGLE (Groundball, 34D, EV 103.1 MPH)
Batting: RHB Dylan Stavely 0-0: Called Strike
0-1: Swinging Strike
0-2: Strikes out swinging
Batting: LHB Vicente Gomillion 0-0: Called Strike
0-1: Ball
1-1: Called Strike
Leonid Machehin steals 2nd base
1-2: Foul Ball, location: 2F
1-2: Ball
2-2: Foul Ball, location: 2F
2-2: Foul Ball, location: 2F
2-2: Ball
3-2: Base on Balls
Batting: RHB Ignacio Páez 0-0: Ball
1-0: Foul Ball, location: 2F
1-1: Swinging Strike
1-2: Fly out, F4 (Popup, 34, EV 60.6 MPH)
Top of the 1st over - 0 runs, 1 hit, 0 errors, 2 left on base; Bloomington 0 - Syracuse 0
BOTTOM OF THE 1ST
Syracuse Starks batting - Pitching for Bloomington Longnecks : LHP António Arellano
Pitching: LHP António Arellano
Batting: RHB Yoshiki Shimizu 0-0: Ball
1-0: Ground out 6-3 (Groundball, 6, EV 78.1 MPH)
Batting: RHB Akke Derksen 0-0: Called Strike
0-1: Foul Ball, location: 2F
0-2: Ground out 5-3 (Groundball, 56S, EV 80.0 MPH)
Batting: LHB Martín Pliego 0-0: Ball
1-0: Ball
2-0: Called Strike
2-1: DOUBLE (Line Drive, 78XD, EV 102.5 MPH)
Batting: RHB Arsenio Laurel 0-0: Fly out, F7 (Flyball, 7LS, EV 88.8 MPH)
Bottom of the 1st over - 0 runs, 1 hit, 0 errors, 1 left on base; Bloomington 0 - Syracuse 0
TOP OF THE 2ND
Bloomington Longnecks batting - Pitching for Syracuse Starks : RHP Greg O'Day
Batting: LHB Craig Morgan 0-0: Ball
1-0: Ball
2-0: Called Strike
2-1: Ball
3-1: Swinging Strike
3-2: Base on Balls
Batting: SHB Jorge Rocha 0-0: Ball
1-0: DOUBLE (Line Drive, 9LM, EV 91.9 MPH)
Craig Morgan to third
Runner from 3rd tries for Home, SAFE, no throw by RF
Batting: RHB Júlio Rodríguez 0-0: Ball
1-0: Ball
2-0: Called Strike
2-1: Ball
3-1: Foul Ball, location: 2F
3-2: Strikes out looking
Batting: RHB James Strickland 0-0: Ball
1-0: Ball
2-0: Ball
3-0: Called Strike
3-1: Base on Balls
Batting: RHB Nelson Jaramillo 0-0: Called Strike
0-1: Called Strike
0-2: Ball
1-2: Fly out, F7 (Flyball, 7D, EV 93.8 MPH)
Runner from 2nd tags up, SAFE at 3rd, no throw by LF
Batting: LHB Leonid Machehin 0-0: Ball
1-0: Called Strike
1-1: Ball
2-1: Foul Ball, location: 2F
2-2: Foul Ball, location: 2F
2-2: Ball
3-2: Base on Balls
James Strickland to second
Batting: RHB Dylan Stavely 0-0: Ball
1-0: Fly out, F7 (Flyball, 7LS, EV 79.4 MPH)
Top of the 2nd over - 1 run, 1 hit, 0 errors, 3 left on base; Bloomington 1 - Syracuse 0
BOTTOM OF THE 2ND
Syracuse Starks batting - Pitching for Bloomington Longnecks : LHP António Arellano
Batting: RHB Atanza Vongor 0-0: Ball
1-0: Swinging Strike
1-1: Ball
2-1: Foul Ball, location: 2F
2-2: Ground out 6-3 (Groundball, 6, EV 91.9 MPH)
Batting: RHB Luther H. Greene 0-0: Ball
1-0: Ball
2-0: Ball
3-0: Base on Balls
Batting: RHB Francisco Agámez 0-0: Ball
1-0: Fielders Choice at 2nd, 1-6 (Groundball, 13, EV 70.0 MPH)
Batting: RHB Patrick Mildren 0-0: Called Strike
0-1: Ball
1-1: Ball
Francisco Agámez is caught stealing 2nd base 2-4
Bottom of the 2nd over - 0 runs, 0 hits, 0 errors, 0 left on base; Bloomington 1 - Syracuse 0
TOP OF THE 3RD
Bloomington Longnecks batting - Pitching for Syracuse Starks : RHP Greg O'Day
Batting: LHB Vicente Gomillion 0-0: Ball
1-0: Ball
2-0: Foul Ball, location: 2F
2-1: Called Strike
2-2: Strikes out swinging
Batting: RHB Ignacio Páez 0-0: Foul Ball, location: 2F
0-1: Swinging Strike
0-2: Ball
1-2: Ball
2-2: Ground out 1-3 (Groundball, P, EV 80.0 MPH)
Batting: LHB Craig Morgan 0-0: Called Strike
0-1: Ground out 6-3 (Groundball, 6, EV 100.6 MPH)
Top of the 3rd over - 0 runs, 0 hits, 0 errors, 0 left on base; Bloomington 1 - Syracuse 0
BOTTOM OF THE 3RD
Syracuse Starks batting - Pitching for Bloomington Longnecks : LHP António Arellano
Batting: RHB Patrick Mildren 0-0: Ground out 6-3 (Groundball, 6, EV 85.6 MPH)
Batting: LHB Bill Gracián 0-0: Swinging Strike
0-1: Ground out 6-3 (Groundball, 56, EV 82.5 MPH)
Batting: RHB Yoshiki Shimizu 0-0: Ground out 6-3 (Groundball, 56, EV 89.4 MPH)
Bottom of the 3rd over - 0 runs, 0 hits, 0 errors, 0 left on base; Bloomington 1 - Syracuse 0
TOP OF THE 4TH
Bloomington Longnecks batting - Pitching for Syracuse Starks : RHP Greg O'Day
Batting: SHB Jorge Rocha 0-0: Ball
1-0: Called Strike
1-1: Ball
2-1: Foul Ball, location: 2F
2-2: SINGLE (Groundball, 34D, EV 103.1 MPH)
Batting: RHB Júlio Rodríguez 0-0: Called Strike
0-1: Foul Ball, location: 2F
0-2: Ball
1-2: Fielders Choice at 2nd, 5-4 (Groundball, 56S, EV 80.6 MPH)
Batting: RHB James Strickland 0-0: SINGLE (Line Drive, 8LS, EV 90.0 MPH)
Júlio Rodríguez to second
Júlio Rodríguez to third
Batting: RHB Nelson Jaramillo 0-0: Foul Ball, location: 2F
0-1: Ball
1-1: Foul Ball, location: 2F
1-2: Ball
2-2: Ball
3-2: Foul Ball, location: 2F
3-2: Fly out, F9 (Flyball, 9, EV 85.0 MPH)
Runner from 3rd tags up, OUT at HOME! 9-2
Top of the 4th over - 0 runs, 2 hits, 0 errors, 1 left on base; Bloomington 1 - Syracuse 0
BOTTOM OF THE 4TH
Syracuse Starks batting - Pitching for Bloomington Longnecks : LHP António Arellano
Batting: RHB Akke Derksen 0-0: Called Strike
0-1: Called Strike
0-2: Strikes out swinging
Batting: LHB Martín Pliego 0-0: SINGLE (Groundball, 34D, EV 104.4 MPH)
Batting: RHB Arsenio Laurel 0-0: Fielders Choice at 2nd, 5-4 (Groundball, 6S, EV 88.1 MPH)
Batting: RHB Atanza Vongor 0-0: Ball
1-0: Reached on error, E6 (Groundball, 56, EV 78.8 MPH)
Arsenio Laurel to second
Batting: RHB Luther H. Greene 0-0: Called Strike
0-1: Ball
1-1: Foul Ball, location: 2F
1-2: Ball
2-2: Ground out 5-3 (Groundball, 56S, EV 87.5 MPH)
Bottom of the 4th over - 0 runs, 1 hit, 1 error, 2 left on base; Bloomington 1 - Syracuse 0
TOP OF THE 5TH
Bloomington Longnecks batting - Pitching for Syracuse Starks : RHP Greg O'Day
Batting: LHB Leonid Machehin 0-0: Fly out, F7 (Flyball, 7LDF, EV 103.8 MPH)
Batting: RHB Dylan Stavely 0-0: Fly out, F3 (Line Drive, 3, EV 70.0 MPH)
Batting: LHB Vicente Gomillion 0-0: Called Strike
0-1: Swinging Strike
0-2: Ball
1-2: Ball
2-2: DOUBLE (Line Drive, 5D, EV 98.8 MPH)
Batting: RHB Ignacio Páez 0-0: Ball
1-0: TRIPLE (Flyball, 78XD, EV 105.6 MPH)
Vicente Gomillion scores
Batting: LHB Craig Morgan 0-0: Ball
1-0: Foul Ball, location: 2F
1-1: DOUBLE (Line Drive, 7LM, EV 111.2 MPH)
Ignacio Páez scores
Batting: SHB Jorge Rocha 0-0: Ball
1-0: Ground out 3-1 (Groundball, 34, EV 105.0 MPH)
Top of the 5th over - 2 runs, 3 hits, 0 errors, 1 left on base; Bloomington 3 - Syracuse 0
BOTTOM OF THE 5TH
Syracuse Starks batting - Pitching for Bloomington Longnecks : LHP António Arellano
Batting: RHB Francisco Agámez 0-0: Fly out, F7 (Flyball, 78M, EV 83.8 MPH)
Batting: RHB Patrick Mildren 0-0: Ball
1-0: TRIPLE (Groundball, 3L, EV 106.2 MPH)
Batting: LHB Bill Gracián 0-0: Called Strike
0-1: Swinging Strike
0-2: Strikes out swinging
Batting: RHB Yoshiki Shimizu 0-0: Called Strike
0-1: Fly out, F8 (Flyball, 8RXD, EV 109.4 MPH)
Bottom of the 5th over - 0 runs, 1 hit, 0 errors, 1 left on base; Bloomington 3 - Syracuse 0
TOP OF THE 6TH
Bloomington Longnecks batting - Pitching for Syracuse Starks : RHP Greg O'Day
Batting: RHB Júlio Rodríguez 0-0: Called Strike
0-1: Ball
1-1: Ball
2-1: Foul Ball, location: 2F
2-2: Ball
3-2: Foul Ball, location: 2F
3-2: Fly out, F9 (Flyball, 9D, EV 80.0 MPH)
Batting: RHB James Strickland 0-0: Swinging Strike
0-1: SINGLE (Line Drive, 8RM, EV 98.1 MPH)
Pitching: RHP Jason Sanders
Batting: RHB Nelson Jaramillo 0-0: Ball
1-0: Foul Ball, location: 2F
1-1: Ball
2-1: Ball
3-1: Base on Balls
James Strickland to second
Batting: LHB Leonid Machehin 0-0: Swinging Strike
0-1: DOUBLE (Flyball, 78XD, EV 109.4 MPH)
James Strickland scores
Nelson Jaramillo to third
Runner from 3rd tries for Home, SAFE, no throw by CF
Batting: RHB Dylan Stavely 0-0: Called Strike
0-1: Swinging Strike
0-2: Strikes out looking
Batting: LHB Vicente Gomillion 0-0: Ball
1-0: Ball
2-0: Foul Ball, location: 2F
2-1: Swinging Strike
2-2: SINGLE (Line Drive, 4M, EV 100.6 MPH)
Leonid Machehin to third
Runner from 3rd tries for Home, SAFE, no throw by CF
Batting: RHB Ignacio Páez 0-0: Called Strike
0-1: Foul Ball, location: 2F
0-2: Ball
1-2: Strikes out swinging
Top of the 6th over - 3 runs, 3 hits, 0 errors, 1 left on base; Bloomington 6 - Syracuse 0
BOTTOM OF THE 6TH
Syracuse Starks batting - Pitching for Bloomington Longnecks : LHP António Arellano
Batting: RHB Akke Derksen 0-0: Ball
1-0: Ball
2-0: Ball
3-0: Called Strike
3-1: Foul Ball, location: 2F
3-2: Foul Ball, location: 2F
3-2: Base on Balls
Batting: LHB Martín Pliego 0-0: Swinging Strike
0-1: Ground out 4-3 (Groundball, 4S, EV 82.5 MPH)
Akke Derksen to second
Batting: RHB Arsenio Laurel 0-0: Foul Ball, location: 2F
0-1: Fly out, F4 (Line Drive, 4, EV 69.4 MPH)
Batting: RHB Atanza Vongor 0-0: Ball
1-0: Ball
2-0: Called Strike
2-1: SINGLE (Groundball, 34D, EV 106.9 MPH)
Akke Derksen to third
Runner from 3rd tries for Home, SAFE, throw by RF to home
Atanza Vongor to second
Batting: RHB Luther H. Greene 0-0: Ball
1-0: Called Strike
1-1: Ball
2-1: Called Strike
2-2: Foul Ball, location: 2F
2-2: Ball
3-2: Strikes out looking
Bottom of the 6th over - 1 run, 1 hit, 0 errors, 1 left on base; Bloomington 6 - Syracuse 1
TOP OF THE 7TH
Bloomington Longnecks batting - Pitching for Syracuse Starks : RHP Jason Sanders
Batting: LHB Craig Morgan 0-0: Ground out 1-3 (Groundball, 34S, EV 80.6 MPH)
Batting: SHB Jorge Rocha 0-0: Ball
1-0: Ball
2-0: Ground out 6-3 (Groundball, 6, EV 86.9 MPH)
Batting: RHB Júlio Rodríguez 0-0: SINGLE (Groundball, 56D, EV 108.8 MPH)
Batting: RHB James Strickland 0-0: Ball
1-0: Called Strike
1-1: Ball
2-1: SINGLE (Line Drive, 7LS, EV 95.0 MPH)
Júlio Rodríguez to second
Batting: RHB Nelson Jaramillo 0-0: Ball
1-0: Ball
2-0: Called Strike
2-1: Swinging Strike
2-2: Ball
3-2: Hit by Pitch
Júlio Rodríguez to third
James Strickland to second
Batting: LHB Leonid Machehin 0-0: Swinging Strike
0-1: Ball
1-1: Ball
2-1: Swinging Strike
2-2: Ball
3-2: Foul Ball, location: 2F
3-2: Base on Balls
Júlio Rodríguez scores
James Strickland to third
Nelson Jaramillo to second
Batting: RHB Dylan Stavely 0-0: Fly out, F7 (Flyball, 7S, EV 71.9 MPH)
Top of the 7th over - 1 run, 2 hits, 0 errors, 3 left on base; Bloomington 7 - Syracuse 1
BOTTOM OF THE 7TH
Syracuse Starks batting - Pitching for Bloomington Longnecks : LHP António Arellano
Batting: RHB Francisco Agámez 0-0: DOUBLE (Flyball, 89XD, EV 103.1 MPH)
Batting: RHB Patrick Mildren 0-0: Ball
1-0: Ball
2-0: Ball
3-0: Called Strike
3-1: SINGLE (Flyball, 9LM, EV 85.6 MPH)
Francisco Agámez to third
Runner from 3rd tries for Home, SAFE, throw by RF to home
Batting: LHB Bill Gracián 0-0: Foul Ball, location: 2F
0-1: Ball
1-1: Foul Ball, location: 2F
1-2: SINGLE (Line Drive, 8LS, EV 95.6 MPH)
Patrick Mildren to second
Runner from 2nd tries for 3rd, SAFE, throw by CF made to third
Batting: RHB Yoshiki Shimizu 0-0: Ball
Bill Gracián is caught stealing 2nd base 2-4
1-0: Ball
2-0: Ball
3-0: Base on Balls
Batting: RHB Akke Derksen 0-0: Called Strike
0-1: Called Strike
0-2: Ball
1-2: Foul Ball, location: 2F
1-2: Foul Ball, location: 2F
1-2: Fly out, F7 (Line Drive, 7D, EV 107.5 MPH)
Runner from 3rd tags up, SCORES, no throw by LF
Batting: LHB Martín Pliego 0-0: Ball
1-0: Ball
2-0: Called Strike
2-1: Ball
3-1: Ground out 1-3 (Groundball, 15S, EV 73.8 MPH)
Bottom of the 7th over - 2 runs, 3 hits, 0 errors, 1 left on base; Bloomington 7 - Syracuse 3
TOP OF THE 8TH
Bloomington Longnecks batting - Pitching for Syracuse Starks : RHP Jason Sanders
Pitching: LHP Jeffery Brock
Batting: LHB Vicente Gomillion 0-0: Ball
1-0: Swinging Strike
1-1: Ball
2-1: Called Strike
2-2: Ball
3-2: Foul Ball, location: 2F
3-2: Base on Balls
Batting: RHB Ignacio Páez 0-0: Ball
1-0: Ball
2-0: Foul Ball, location: 2F
2-1: Fly out, F8 (Flyball, 89M, EV 87.5 MPH)
Batting: LHB Craig Morgan 0-0: Ball
1-0: Called Strike
1-1: Foul Ball, location: 2F
1-2: Ball
2-2: Ball
3-2: SINGLE (Flyball, 78M, EV 88.1 MPH)
Vicente Gomillion to second
Pitching: LHP Stan Lowe
Batting: SHB Jorge Rocha 0-0: Ball
1-0: Foul Ball, location: 2F
1-1: Ball
2-1: Grounds into double play, 6-4-3 (Groundball, 6, EV 86.2 MPH)
Top of the 8th over - 0 runs, 1 hit, 0 errors, 1 left on base; Bloomington 7 - Syracuse 3
BOTTOM OF THE 8TH
Syracuse Starks batting - Pitching for Bloomington Longnecks : LHP António Arellano
Batting: RHB Arsenio Laurel 0-0: Ball
1-0: Ball
2-0: Called Strike
2-1: SOLO HOME RUN (Flyball, 7D, EV 107.5 MPH), Distance : 382 ft
Pitching: RHP Hamilton Franklin
Batting: RHB Atanza Vongor 0-0: Called Strike
0-1: Called Strike
0-2: Ball
1-2: Fly out, F8 (Flyball, 8LS, EV 96.2 MPH)
Batting: RHB Luther H. Greene 0-0: Ball
1-0: Hit by Pitch
Batting: RHB Francisco Agámez 0-0: Swinging Strike
0-1: Ball
1-1: Fielders Choice at 2nd, 1-6 (Groundball, 34S, EV 81.2 MPH)
Batting: RHB Patrick Mildren 0-0: Ball
1-0: Foul Ball, location: 2F
1-1: Ball
2-1: Ball
3-1: Fly out, F8 (Flyball, 8RS, EV 91.9 MPH)
Bottom of the 8th over - 1 run, 1 hit, 0 errors, 1 left on base; Bloomington 7 - Syracuse 4
TOP OF THE 9TH
Bloomington Longnecks batting - Pitching for Syracuse Starks : LHP Stan Lowe
Batting: RHB Júlio Rodríguez 0-0: Ball
1-0: Called Strike
1-1: SINGLE (Groundball, 56D, EV 103.8 MPH)
Batting: RHB James Strickland 0-0: Bunt missed!
0-1: Sac Bunt to 23 - play at first, batter safe!
Júlio Rodríguez to second
Batting: RHB Nelson Jaramillo 0-0: Sac Bunt to 2R - play at first, batter OUT! 2-3
Júlio Rodríguez to third
James Strickland to second
Batting: LHB Leonid Machehin 0-0: Ball
1-0: Fly out, F7 (Flyball, 7S, EV 97.5 MPH)
Batting: RHB Dylan Stavely 0-0: Intentional Walk
Batting: LHB Vicente Gomillion 0-0: Called Strike
0-1: Swinging Strike
0-2: Ball
1-2: Strikes out looking
Top of the 9th over - 0 runs, 2 hits, 0 errors, 3 left on base; Bloomington 7 - Syracuse 4
BOTTOM OF THE 9TH
Syracuse Starks batting - Pitching for Bloomington Longnecks : RHP Hamilton Franklin
Batting: LHB Bill Gracián 0-0: Ball
1-0: Ground out 6-3 (Groundball, 6S, EV 76.9 MPH)
Batting: RHB Yoshiki Shimizu 0-0: Called Strike
0-1: Ball
1-1: Swinging Strike
1-2: Foul Ball, location: 2F
1-2: Ball
2-2: Strikes out looking
Batting: RHB Akke Derksen 0-0: Foul Ball, location: 2F
0-1: Swinging Strike
0-2: Ball
1-2: Ball
2-2: Ball
3-2: Foul Ball, location: 2F
3-2: Foul Ball, location: 2F
3-2: SINGLE (Line Drive, 9S, EV 98.1 MPH)
Batting: LHB Martín Pliego 0-0: Swinging Strike
0-1: Ball
1-1: Ball
2-1: Called Strike
2-2: DOUBLE (Groundball, 5L, EV 105.0 MPH)
Akke Derksen to third
Pitching: RHP Sang-hwa Kim
Batting: RHB Arsenio Laurel 0-0: Ball
1-0: Ball
2-0: DOUBLE (Flyball, 89D, EV 111.2 MPH)
Akke Derksen scores
Martín Pliego scores
Pinch Hitting: RHB Jonathan Elmore 0-0: Swinging Strike
0-1: Called Strike
0-2: Strikes out looking
Bottom of the 9th over - 2 runs, 3 hits, 0 errors, 1 left on base; Bloomington 7 - Syracuse 6
Friday, March 26th, 2021 - OOTP Baseball 20.8 Build 74